 Dungeon Crawl Stone Soup version 0.19-a0-1223-gf83d13a (webtiles) character file.

19135 4thArraOfDagon the Brawler (level 12, -7/115 HPs)
             Began as a Troll Monk on Aug 24, 2016.
             Was a Priest of Ashenzari.
             Mangled by a five-headed hydra (14 damage)
             ... on level 11 of the Dungeon.
             The game lasted 00:24:13 (4699 turns).

4thArraOfDagon the Brawler (Troll Monk)             Turns: 4699, Time: 00:24:14

Health: -7/115     AC:  7    Str: 22    XL:     12   Next: 33%
Magic:  11/11      EV: 10    Int: 10    God:    Ashenzari [***...]
Gold:   446        SH:  0    Dex: 12    Spells: 3 memorised, 4 levels left

rFire  + . .     SeeInvis +       - Unarmed
rCold  . . .     Gourm    +     k - +1 robe {MR+}
rNeg   . . .     Faith    .     (no shield)
rPois  .         Spirit   .     (helmet restricted)
rElec  .         Dismiss  .     z - +0 cloak
rCorr  .         Reflect  .     (gloves unavailable)
MR     +....     Harm     .     (boots unavailable)
Stlth  +.........               D - amulet of magic regeneration
                                r - ring of wizardry
                                p - ring of protection from fire

@: lethally poisoned (-7 -> -8)
A: unfitting armour, claws 3, fast metabolism 3, gourmand, regeneration 1,
shaggy fur 1, tough skin 2
a: Curse Item, Scrying, Renounce Religion


You were on level 11 of the Dungeon.
You worshipped Ashenzari.
Ashenzari was most pleased with you.
You were very full.

You visited 2 branches of the dungeon, and saw 16 of its levels.

You collected 446 gold pieces.

Inventory:

Hand Weapons
 F - a +0 blowgun
 H - a +0 dagger of distortion
Missiles
 n - 10 large rocks (quivered)
 G - 4 curare-tipped needles
Armour
 a - a +0 robe
 k - a +1 robe of magic resistance (worn)
 z - a +0 cloak (worn)
Jewellery
 j - an uncursed ring of see invisible
 p - a ring of protection from fire (left claw)
 r - a ring of wizardry (right claw)
 D - an amulet of magic regeneration (around neck)
Wands
 f - a wand of enslavement (12/24)
 w - a wand of enslavement (1/24)
 B - a wand of polymorph (5/24)
Scrolls
 c - 3 scrolls of amnesia
 t - 5 scrolls of recharging
 y - 5 scrolls of fog
 C - a scroll of remove curse
Potions
 d - 2 potions of flight
 e - a potion of cure mutation
 m - a potion of curing
 u - 2 potions of degeneration
 I - a potion of might
Miscellaneous
 A - a phantom mirror
Comestibles
 b - 4 bread rations
 g - 5 meat rations


   Skills:
 + Level 6.9 Fighting
 - Level 2.4 Dodging
 - Level 1.1 Stealth
 * Level 17.9 Unarmed Combat


You had 4 spell levels left.
You knew the following spells:

 Your Spells              Type           Power        Failure   Level  Hunger
a - Regeneration          Chrm/Necr      #.........   63%         3    ####...
b - Repel Missiles        Chrm/Air       #.....       30%         2    ###....
c - Swiftness             Chrm/Air       #.......     30%         2    ###....


Dungeon Overview and Level Annotations

Branches:
Dungeon (15/15)            Temple (1/1) D:5             Orc (0/2) D:11
   Lair: D:8-11      Vaults: D:13-14     Depths: D:15

Altars:
Ashenzari
Dithmenos
Elyvilon
Fedhas
Gozag
Hepliaklqana
Kikubaaqudgha
Makhleb
Nemelex Xobeh
Okawaru
Qazlal
Ru
Sif Muna
Trog
Uskayaw
Vehumet
Xom
Yredelemnul
Zin
The Shining One

Annotations:
D:10 Ferkelamun's ghost, journeyman GrEE; Harold; Snorg
D:15 Louise


Innate Abilities, Weirdness & Mutations

You are too large for most types of armour.
You have claws for hands.
Your metabolism is lightning-fast.
You like to eat raw meat.
Your natural rate of healing is unusually fast.
You are covered in fur. (AC +1)
You have very tough skin. (AC +2)


Message History

Enter note: RIP
Okay, then.
You feel much better. The five-headed hydra bites you! x2
* * * LOW HITPOINT WARNING * * *
The five-headed hydra bites you!
* * * LOW HITPOINT WARNING * * *
The five-headed hydra barely misses you.
The five-headed hydra bites you.
* * * LOW HITPOINT WARNING * * *
Unknown command.
Unknown command.
Evoke which item? (* to show all) (? for menu, Esc to quit)
Zapping:
w - a wand of enslavement (2/24)
Press: ? - help, Shift-Dir - straight line, f/p - five-headed hydra
Aim: a five-headed hydra (chance to defeat MR: 15%)
The five-headed hydra resists with almost no effort.
This wand has 1 charge left.
The five-headed hydra barely misses you.
The five-headed hydra misses you. The five-headed hydra bites you!
You die...

##.##.#..# *,#..#..*
...#....######,S....,**
......>....†.#,...,,..*
..........##.##.##..#**
..####....##........#
.....'....####.#.####
%#############...#
.......{)))(#######
....###{###.....@.#
....#8{.,8#.....D.#
....#...,,#)......#
....#..>,,#.K.....#
.#'##...,,#...(..O#
.#.##8..,8#g(.....#
.#.########.....o.#
.#.###....).g.....#
.....|)#..........#


You could see a five-headed hydra, an orc warrior (fleeing), a big kobold
(fleeing), an ogre (fleeing) and 2 gnolls.

Vanquished Creatures
  Rupert (D:12)
  Josephine (D:15)
  An ogre mage (D:15)
  A tengu warrior (D:15)
  A wizard (D:15)
  2 unseen horrors
  3 hill giants
  2 manticores
  2 cyclopes (D:15)
  2 ugly things
  A komodo dragon (D:11)
  A troll (D:12)
  4 two-headed ogres
  Grinder (D:6)
  5 slime creatures
  A shadow (D:13)
  A hog (D:15)
  4 wraiths
  A vampire (D:11)
  2 hungry ghosts
  7 yaks
  Edmund (D:6)
  A water moccasin (D:11)
  A black bear (D:9)
  3 ice beasts
  3 orc warriors (D:11)
  A necrophage (D:11)
  2 phantoms (D:7)
  An eye of draining (D:11)
  4 centaurs
  8 ogres
  5 big kobolds
  8 giant frogs
  2 gnoll sergeants (D:11)
  A wyvern skeleton (D:9)
  3 scorpions
  7 howler monkeys
  4 crimson imps
  3 centaur skeletons
  A wasp zombie (D:13)
  4 orc priests
  6 hounds
  5 jellies
  A giant frog skeleton (D:6)
  2 iguanas
  A gnoll shaman (D:7)
  7 orc wizards
  4 worker ants
  7 sheep (D:15)
  A hound skeleton (D:5)
  11 gnolls
  8 adders
  3 shadow imps
  An adder skeleton (D:4)
  2 worms (D:4)
  2 dart slugs (D:2)
  2 giant geckos
  28 orcs
  2 giant cockroaches
  A goblin (D:1)
  2 hobgoblins
  4 jackals (D:4)
  12 kobolds
  3 quokkas
  2 giant newts
  A quokka skeleton (D:4)
  A rat (D:2)
226 creatures vanquished.

Vanquished Creatures (collateral kills)
  An orc warrior (D:11)
  A giant frog (D:15)
2 creatures vanquished.

Vanquished Creatures (others)
  A troll (D:11)
  An orc warrior (D:11)
  A fungus (D:10)
3 creatures vanquished.

Grand Total: 231 creatures vanquished

Notes
Turn   | Place    | Note
-------+----------+-------------------------------------------
     0 | D:1      | 4thArraOfDagon the Troll Monk began the quest for the Orb.
     0 | D:1      | Reached XP level 1. HP: 22/22 MP: 0/0
    91 | D:2      | Reached XP level 2. HP: 25/29 MP: 1/1
   146 | D:3      | Reached skill level 4 in Unarmed Combat
   146 | D:3      | Reached XP level 3. HP: 23/36 MP: 2/2
   219 | D:4      | Reached skill level 5 in Unarmed Combat
   219 | D:4      | Reached XP level 4. HP: 36/44 MP: 3/3
   255 | D:4      | Reached XP level 5. HP: 35/50 MP: 4/4
   271 | D:4      | Reached skill level 6 in Unarmed Combat
   321 | D:5      | Entered Level 5 of the Dungeon
   364 | D:4      | Found a sparkling altar of Nemelex Xobeh.
   411 | D:6      | Noticed Edmund
   415 | D:6      | Noticed Grinder
   426 | D:6      | Killed Edmund
   426 | D:6      | Reached skill level 7 in Unarmed Combat
   426 | D:6      | Reached XP level 6. HP: 44/59 MP: 5/5
   466 | D:6      | Killed Grinder
   466 | D:6      | Reached skill level 8 in Unarmed Combat
   466 | D:6      | Reached XP level 7. HP: 60/66 MP: 6/6
   605 | D:7      | Reached skill level 9 in Unarmed Combat
   697 | D:7      | Reached XP level 8. HP: 71/74 MP: 7/7
   739 | D:7      | Reached skill level 10 in Unarmed Combat
   796 | D:7      | Found a sacrificial altar of Ru.
  1059 | D:5      | Reached skill level 11 in Unarmed Combat
  1096 | D:5      | Found a white marble altar of Elyvilon.
  1221 | D:5      | Found a staircase to the Ecumenical Temple.
  1224 | Temple   | Entered the Ecumenical Temple
  1305 | Temple   | Became a worshipper of Ashenzari the Shackled
  1305 | Temple   | Reached * piety under Ashenzari
  1305 | Temple   | Reached ** piety under Ashenzari
  1540 | D:8      | Learned a level 3 spell: Regeneration
  1598 | D:9      | Reached XP level 9. HP: 53/80 MP: 8/8
  1637 | D:8      | Reached skill level 12 in Unarmed Combat
  1854 | D:9      | Reached skill level 13 in Unarmed Combat
  1981 | D:9      | Found a blossoming altar of Fedhas.
  1981 | D:9      | Noticed a hill giant
  1990 | D:9      | Killed a hill giant
  1990 | D:9      | Reached skill level 14 in Unarmed Combat
  2060 | D:9      | Reached XP level 10. HP: 80/88 MP: 9/9
  2127 | D:9      | Found an ancient bone altar of Kikubaaqudgha.
  2168 | D:10     | Entered Level 10 of the Dungeon
  2184 | D:10     | Noticed Harold
  2192 | D:10     | Noticed Ferkelamun's ghost (journeyman GrEE)
  2237 | D:11     | Noticed a manticore
  2244 | D:11     | Killed a manticore
  2252 | D:11     | Noticed a white ugly thing
  2263 | D:11     | Killed a white ugly thing
  2269 | D:10     | Noticed a hill giant
  2274 | D:10     | Killed a hill giant
  2274 | D:10     | Reached skill level 15 in Unarmed Combat
  2293 | D:10     | Noticed Snorg
  2381 | D:10     | Noticed an elephant
  2419 | D:11     | Noticed a five-headed hydra
  2552 | D:10     | Found a shimmering altar of Xom.
  2753 | D:13     | Noticed an unseen horror
  2763 | D:13     | Killed an unseen horror
  2829 | D:15     | Entered Level 15 of the Dungeon
  2829 | D:15     | Noticed a phantasmal warrior
  2993 | D:13     | Noticed a red ugly thing
  3018 | D:13     | Killed a red ugly thing
  3018 | D:13     | Reached XP level 11. HP: 59/97 MP: 10/10
  3057 | D:14     | Noticed a hill giant
  3061 | D:14     | Killed a hill giant
  3061 | D:14     | Reached skill level 16 in Unarmed Combat
  3096 | D:15     | is that deep?
  3135 | D:15     | Noticed a wizard
  3152 | D:15     | Killed a wizard
  3169 | D:15     | Reached *** piety under Ashenzari
  3260 | D:15     | Learned a level 2 spell: Repel Missiles
  3263 | D:15     | Learned a level 2 spell: Swiftness
  3295 | D:15     | Noticed Sonja
  3296 | D:15     | Noticed Sonja
  3296 | D:15     | Sonja changed into Sonja the tengu
  3315 | D:15     | Noticed Sonja
  3315 | D:15     | Sonja the tengu changed into Sonja the giant frog
  3316 | D:15     | Killed Sonja the giant frog
  3461 | D:15     | Noticed an unseen horror
  3470 | D:15     | Noticed Josephine
  3476 | D:15     | Killed an unseen horror
  3476 | D:15     | Reached skill level 5 in Fighting
  3482 | D:15     | Noticed an ogre mage
  3490 | D:15     | Killed Josephine
  3501 | D:15     | Killed an ogre mage
  3506 | D:15     | Reached skill level 17 in Unarmed Combat
  3540 | D:15     | Noticed Louise
  3561 | D:15     | Noticed an ogre mage
  3561 | D:15     | HP: 4/105 [ogre/giant spiked club (6)]
  3562 | D:15     | Noticed a four-headed hydra
  3562 | D:15     | Noticed a dire elephant
  3663 | D:15     | Noticed a tengu warrior
  3685 | D:15     | Killed a tengu warrior
  3837 | D:13     | Noticed a death knight
  4029 | D:12     | Noticed Rupert
  4080 | D:12     | lol
  4084 | D:12     | Paralysed by Rupert for 3 turns
  4099 | D:12     | Killed Rupert
  4099 | D:12     | Reached XP level 12. HP: 76/115 MP: 11/11
  4625 | D:11     | Found a staircase to the Orcish Mines.
  4698 | D:11     | RIP
  4699 | D:11     | Mangled by a five-headed hydra

Vault maps used:
D:1:      roderic_chinese_lattice_arrival
D:2:      lemuel_doored_altar, cheibriados_altar_1, first_bread,
          minmay_hexomino_p4, uniq_sigmund
D:3:      trog_three_pillars_becter
D:4:      nicolae_overflow_hidden_temple
D:5:      elyvilon_altar_5
D:6:      uniq_edmund, uniq_grinder
D:7:      grunt_livestock, nicolae_ru_sacrificial_ziggurat
D:8:      nicolae_dithmenos_through_a_glass_darkly
D:9:      overflow_temple_1_default, old_standard_altar
D:10:     david_lair_generic, basic_altar, uniq_grum, uniq_psyche, uniq_snorg,
          uniq_harold
D:11:     kennysheep_orc_monster_closet_entryway
D:12:     uniq_rupert
D:14:     david_vaults_5, bh_chokoban, kennysheep_opposing_triangles
D:15:     hangedman_depths_entry_try_elsewhere_first, nicolae_wwwww,
          minivault_25_ag, uniq_sonja, uniq_kirke, uniq_louise, uniq_josephine
Temple:   regret_index_temple_generic_petals

Skill      XL: |  1  2  3  4  5  6  7  8  9 10 11 |
---------------+----------------------------------+-----
Unarmed Combat | 4 5 7 8 9 11 14 15 17 | 17.9
Fighting       | 3 6 |  6.9
Dodging        | |  2.4
Stealth        | |  1.1

Action                   |  1- 3 |  4- 6 |  7- 9 | 10-12 || total
-------------------------+-------+-------+-------+-------++-------
Melee: Unarmed           |    37 |    36 |   295 |   350 ||   718
       Punch             |       |       |    10 |    20 ||    30
 Fire: Blowgun           |       |       |       |    12 ||    12
Throw: Large rock        |       |       |       |     2 ||     2
       Throwing net      |       |       |       |     2 ||     2
 Cast: Repel Missiles    |       |       |       |     1 ||     1
       Regeneration      |       |       |       |     1 ||     1
Invok: Scrying           |       |       |       |     2 ||     2
Evoke: Wand              |       |       |       |     8 ||     8
       Phantom mirror    |       |       |       |     1 ||     1
  Use: Scroll            |       |     7 |     6 |    11 ||    24
       Potion            |       |     1 |       |    12 ||    13
 Stab: Sleeping          |       |       |     1 |     3 ||     4
  Eat: Chunk             |     4 |       |    23 |    36 ||    63
       Pizza             |       |       |       |     2 ||     2
Armor: Robe              |    11 |     8 |    82 |    58 ||   159
       Skin              |       |       |       |    61 ||    61
Dodge: Dodged            |    10 |    12 |   140 |   134 ||   296
       Deflected         |       |       |       |     1 ||     1
